 Dungeon Crawl Stone Soup version 0.25-a0-424-g80bd347ae0 (webtiles) character file.

Game seed: 11988936597806399454, levelgen mode: deterministic

26391 kae the Black Belt (level 12, -25/94 HPs)
             Began as a Pale Draconian Transmuter on Jan 23, 2020.
             Was the Champion of Uskayaw.
             Annihilated by a komodo dragon (66 damage)
             ... on level 6 of the Lair of Beasts.
             The game lasted 00:22:57 (20747 turns).

kae the Black Belt (Pale Draconian Transmuter)     Turns: 20747, Time: 00:22:57

Health: -25/94     AC: 12    Str: 13    XL:     12   Next: 97%
Magic:  0/19       EV: 12    Int: 13    God:    Uskayaw [******]
Gold:   998        SH:  0    Dex: 17    Spells: 10/21 levels left

rFire    . . .     SeeInvis .     - Unarmed
rCold    . . .     Gourm    .   (shield currently unavailable)
rNeg     . . .     Faith    .   (armour unavailable)
rPois    +         Spirit   +   (helmet restricted)
rElec    .         Reflect  .   (no cloak)
rCorr    .         Harm     .   (gloves currently unavailable)
MR       .....                  k - +0 pair of boots
Stlth    ++........             i - amulet of guardian spirit
HPRegen  0.25/turn              t - ring of poison resistance
MPRegen  0.16/turn              p - +3 ring of protection

@: blade hands, sleeping
A: breathe steam, unfitting armour, cold-blooded, AC +8
a: Breathe Steam, End Transformation, Stomp, Line Pass, Grand Finale, Renounce
Religion


You were on level 6 of the Lair of Beasts.
You worshipped Uskayaw.
Uskayaw was aware of your devotion.
You were not hungry.
You had blades for hands.
You visited 3 branches of the dungeon, and saw 16 of its levels.

You collected 1037 gold pieces.
You spent 39 gold pieces at shops.

Inventory:

Missiles
 a - 243 arrows
 H - 2 throwing nets (quivered)
Armour
 k - a +0 pair of boots (worn)
 A - a +1 pair of gloves (melded)
Jewellery
 i - an amulet of guardian spirit (around neck)
 m - an uncursed ring of flight
 o - an uncursed ring of magical power
 p - a +3 ring of protection (right scythe-like blade)
 t - a ring of poison resistance (left scythe-like blade)
 x - an uncursed amulet of faith
 y - an uncursed ring of resist corrosion
Wands
 n - a wand of iceblast (8)
 s - a wand of paralysis (13)
 G - a wand of flame (22)
 J - a wand of random effects (13)
Scrolls
 f - 8 scrolls of teleportation
 l - 2 scrolls of blinking
 u - 12 scrolls of remove curse
 v - 4 scrolls of enchant weapon
 z - 3 scrolls of amnesia
 B - 2 scrolls of enchant armour
 D - 3 scrolls of fog
 E - a scroll of identify
 K - a scroll of fear
Potions
 b - 2 potions of resistance
 d - 2 potions of haste
 e - a potion of agility
 g - 5 potions of curing
 h - a potion of magic
 j - a potion of flight
 q - 2 potions of lignification
 r - a potion of brilliance
 w - a potion of mutation
 C - 2 potions of heal wounds
 F - 2 potions of degeneration
 I - a potion of might
Comestibles
 c - 18 rations


   Skills:
 - Level 5.0 Fighting
 - Level 1.7 Dodging
 + Level 15.8 Unarmed Combat
 - Level 5.0 Spellcasting
 - Level 11.0 Transmutations
 + Level 8.4 Invocations


You had 10 spell levels left.
You knew the following spells:

 Your Spells              Type           Power        Failure   Level  Hunger
a - Beastly Appendage     Tmut           ####..       9%          1    None
b - Sticks to Snakes      Tmut           ####....     10%         2    ##.....
c - Spider Form           Tmut/Pois      ###.......   36%         3    ###....
d - Blade Hands           Tmut           ####......   34%         5    ######.

Your spell library contained the following spells:

 Spells                   Type           Power        Failure   Level  Hunger
 Freeze                   Ice            #...         61%         1    None
 Magic Dart               Conj           #...         61%         1    None
 Ice Form                 Ice/Tmut       ###.....     61%         4    ####...
 Blink                    Tloc           N/A          71%         2    ##.....
 Poisonous Vapours        Pois/Air       #.....       71%         2    ##.....
 Searing Ray              Conj           #.....       71%         2    ##.....
 Shroud of Golubria       Chrm/Tloc      #.....       71%         2    ##.....
 Conjure Flame            Conj/Fire      #.......     87%         3    ###....
 Dazzling Flash           Conj/Hex       #.....       87%         3    ###....
 Gell's Gravitas          Tloc           #.........   87%         3    ###....
 Lesser Beckoning         Tloc           #.........   87%         3    ###....
 Mephitic Cloud           Conj/Pois/Air  #.......     87%         3    ###....
 Ozocubu's Armour         Chrm/Ice       #.......     87%         3    ###....
 Teleport Other           Tloc           #.......     87%         3    ###....
 Fulminant Prism          Conj/Hex       #.........   99%         4    ####...
 Hailstorm                Conj/Ice       #.......     99%         4    ####...
 Iskenderun's Mystic Bla  Conj/Tloc      #.......     99%         4    ####...
 Leda's Liquefaction      Hex/Erth       #.........   99%         4    ####...
 Passage of Golubria      Tloc           N/A          99%         4    ####...
 Summon Ice Beast         Ice/Summ       #.......     99%         4    ####...
 Bolt of Magma            Conj/Fire/Erth #.........   100%        5    ######.
 Freezing Cloud           Conj/Ice/Air   #.........   100%        6    #######
 Iron Shot                Conj/Erth      #.........   100%        6    #######
 Statue Form              Tmut/Erth      ###......    100%        6    #######
 Ring of Flames           Chrm/Fire      #.........   100%        7    #######
 Shatter                  Erth           #.........   100%        9    #######


Dungeon Overview and Level Annotations

Branches:
Dungeon (9/15)             Temple (1/1) D:7            Lair (6/6) D:8
 Shoals (0/4) Lair:2        Snake (0/4) Lair:4
  Slime: Lair:5-6       Orc: D:9-12

Altars:
Ashenzari
Cheibriados
Dithmenos
Elyvilon
Fedhas
Gozag
Hepliaklqana
Kikubaaqudgha
Makhleb
Nemelex Xobeh
Okawaru
Qazlal
Ru
Sif Muna
Trog
Uskayaw
Vehumet
Wu Jian
Xom
Yredelemnul
Zin
The Shining One

Shops:
D:7 (   D:8 *

Annotations:
D:7 exclusion: tengu conjurer
Lair:1 exclusion: oklob plant
Lair:3 3 runed translucent doors, LostGamesStreakFreak's ghost, journeyman MfSk


Innate Abilities, Weirdness & Mutations

You can breathe blasts of scalding, opaque steam.
Your pale cyan-grey scales are hard. (AC +8)
You cannot fit into any form of body armour.
You are cold-blooded and may be slowed by cold attacks.


Message History

The komodo dragon is no longer sharing its pain.
You punch the crocodile!
You kill the crocodile!
There isn't anything here!
Okay, then.
The komodo dragon bites you!
Items here: †††††† The komodo dragon bites you!
You eat one of the 19 rations.
That ration really hit the spot!
The komodo dragon barely misses you.
Casting: Blade Hands (safe; 5% risk of failure)
Confirm with . or Enter, or press ? or * to list all spells.
Your hands turn into razor-sharp scythe blades.
Your +1 pair of gloves melds into your body.
The komodo dragon bites you!!
The dream sheep shakes its wool and sparkles.
You feel drowsy...
You fall asleep.
The komodo dragon bites you!!!
Ouch! That really hurt!
You die...

#### ##.(### #####.....#
.... ###.#...#.#.# ....
#..#.....#### .....
###........# .....
#.#........# ......
#..........# ####......
#......#.<.#####@#Y......
.<.........##...#lY..[...
..P.....P....#.)†..#.....
##......PP#.#...........#
#.#....#######......... #
##.##### ........####
##.# ##.....### ###
#..#### .(##


You could see a komodo dragon and a dream sheep.

Vanquished Creatures
  Gastronok (Lair:3)
  2 hydras
  5 death yaks (Lair:4)
  Urug (Lair:3)
  Nergalle (Lair:3)
  A manticore (Lair:2)
  A black mamba (Lair:4)
  A torpor snail (Lair:4)
  9 spiny frogs
  A rime drake (Lair:1)
  A komodo dragon (Lair:5)
  2 polar bears
  A slime creature (D:7)
  7 dream sheep
  6 hippogriffs
  15 blink frogs (Lair:3)
  A wyvern (Lair:2)
  14 yaks
  3 basilisks
  Duvessa (D:6)
  4 water moccasins
  4 porcupines
  An ice beast (D:5)
  2 orc warriors
  2 sky beasts
  3 phantoms
  19 wolves
  2 ogres (D:7)
  A necrophage (D:6)
  5 centaurs
  5 crocodiles
  4 big kobolds (D:4)
  10 bullfrogs
  Dowan (D:6)
  A water moccasin skeleton (D:8)
  2 scorpions
  5 killer bees (D:9)
  An electric eel (Lair:1)
  5 crimson imps
  A bullfrog zombie (D:6)
  A hound (D:7)
  A jelly (D:7)
  A centaur skeleton (D:8)
  5 orc priests
  10 orc wizards
  Natasha (thrice) (D:4)
  6 worker ants
  2 worker ant zombies
  9 adders
  12 gnolls
  3 shadow imps
  4 oozes
  An adder zombie (D:7)
  An adder skeleton (D:7)
  4 worms
  6 leopard geckos
  38 orcs
  4 bats
  5 giant cockroaches
  44 goblins
  26 hobgoblins
  3 quokkas
  A ball python (D:4)
  4 frilled lizards
  A jackal skeleton (D:9)
  A jackal zombie (D:6)
  6 kobolds
  A leopard gecko skeleton (D:7)
  3 rats
  2 fungi (Lair:3)
360 creatures vanquished.

Vanquished Creatures (collateral kills)
  A bullfrog (D:7)
  An adder (D:2)
2 creatures vanquished.

Vanquished Creatures (others)
  5 fungi
5 creatures vanquished.

Grand Total: 367 creatures vanquished

Notes
Turn   | Place    | Note
-------+----------+-------------------------------------------
     0 | D:1      | kae the Draconian Transmuter began the quest for the Orb.
     0 | D:1      | Reached XP level 1. HP: 16/16 MP: 3/3
   285 | D:1      | Reached XP level 2. HP: 21/23 MP: 5/5
   428 | D:1      | HP: 1/23 [frilled lizard (3)]
  1051 | D:1      | Reached XP level 3. HP: 22/28 MP: 6/6
  1426 | D:1      | Learned a level 2 spell: Sticks to Snakes
  1430 | D:1      | Learned a level 3 spell: Spider Form
  1632 | D:2      | Reached XP level 4. HP: 20/35 MP: 5/8
  2974 | D:3      | Found a faded altar of an unknown god.
  3605 | D:4      | Noticed Natasha
  3615 | D:4      | Killed Natasha
  3615 | D:4      | Reached XP level 5. HP: 15/40 MP: 2/9
  3808 | D:4      | Found a shimmering altar of Xom.
  4047 | D:4      | Noticed Natasha
  4055 | D:4      | Killed Natasha
  4055 | D:4      | Reached skill level 5 in Transmutations
  4287 | D:4      | Noticed Natasha
  4299 | D:4      | Killed Natasha
  5090 | D:4      | Reached XP level 6. HP: 30/47 MP: 6/10
  5367 | D:4      | Your scales start taking on a pale cyan-grey colour.
  5367 | D:4      | Reached XP level 7. HP: 43/52 MP: 9/11
  6213 | D:5      | Entered Level 5 of the Dungeon
  6234 | D:5      | Learned a level 5 spell: Blade Hands
  6286 | D:5      | Found an ancient bone altar of Kikubaaqudgha.
  6294 | D:5      | Found a radiant altar of Vehumet.
  6297 | D:5      | Found a hazy altar of Hepliaklqana.
  6298 | D:5      | Found a glowing golden altar of the Shining One.
  6298 | D:5      | Found a glowing silver altar of Zin.
  7210 | D:5      | Reached XP level 8. HP: 30/59 MP: 12/12
  7986 | D:6      | Noticed Duvessa
  7986 | D:6      | Noticed Dowan
  8041 | D:6      | Killed Duvessa
  8041 | D:6      | Reached skill level 4 in Unarmed Combat
  8041 | D:6      | Reached skill level 10 in Transmutations
  8046 | D:6      | Killed Dowan
  8592 | D:6      | Found a blossoming altar of Fedhas.
  8692 | D:6      | Reached XP level 9. HP: 61/71 MP: 15/15
  8898 | D:6      | Found an iron altar of Okawaru.
  9141 | D:7      | Found Sodo's Weapon Shoppe.
  9192 | D:7      | Found a staircase to the Ecumenical Temple.
  9255 | D:7      | Reached skill level 5 in Unarmed Combat
  9329 | Temple   | Entered the Ecumenical Temple
  9462 | Temple   | Became a worshipper of Uskayaw the Reveler
  9504 | D:7      | Reached * piety under Uskayaw
  9689 | D:7      | Reached ** piety under Uskayaw
  9751 | D:7      | Reached skill level 5 in Fighting
  9942 | D:7      | Reached skill level 6 in Unarmed Combat
 10534 | D:7      | Noticed a tengu conjurer
 10691 | D:8      | Reached *** piety under Uskayaw
 10696 | D:8      | Reached **** piety under Uskayaw
 10699 | D:8      | Reached skill level 7 in Unarmed Combat
 10699 | D:8      | Reached ***** piety under Uskayaw
 10826 | D:8      | Reached skill level 5 in Spellcasting
 10917 | D:8      | Reached skill level 8 in Unarmed Combat
 11071 | D:8      | Found a staircase to the Lair.
 11116 | D:8      | Found a white marble altar of Elyvilon.
 11190 | D:8      | Found Lynoarir's General Store.
 11225 | D:8      | Bought a potion of lignification for 39 gold pieces
 11786 | D:8      | Found a shadowy altar of Dithmenos.
 11786 | D:8      | Found a bloodstained altar of Trog.
 12238 | D:9      | Reached XP level 10. HP: 61/81 MP: 9/17
 12368 | D:9      | Reached skill level 9 in Unarmed Combat
 13081 | Lair:1   | Entered Level 1 of the Lair of Beasts
 13867 | Lair:1   | Reached skill level 10 in Unarmed Combat
 14071 | Lair:1   | Noticed a spiny frog
 14077 | Lair:1   | Killed a spiny frog
 14138 | Lair:1   | Noticed an oklob plant
 14487 | Lair:1   | Noticed a spiny frog
 14494 | Lair:1   | Killed a spiny frog
 14847 | Lair:2   | Reached skill level 11 in Unarmed Combat
 14978 | Lair:2   | Found a staircase to the Shoals.
 15139 | Lair:2   | Noticed a spiny frog
 15139 | Lair:2   | Noticed a five-headed hydra
 15158 | Lair:2   | Killed a spiny frog
 15609 | Lair:2   | Noticed a manticore
 15622 | Lair:2   | Killed a manticore
 15668 | Lair:2   | Reached skill level 12 in Unarmed Combat
 15993 | Lair:2   | Killed a five-headed hydra
 15993 | Lair:2   | Reached XP level 11. HP: 86/86 MP: 18/18
 16079 | Lair:3   | Noticed Urug
 16177 | Lair:3   | Noticed Gastronok
 16197 | Lair:3   | Killed Gastronok
 16197 | Lair:3   | Reached skill level 13 in Unarmed Combat
 16234 | Lair:3   | Noticed Nergalle
 16244 | Lair:3   | Killed Nergalle
 16410 | Lair:3   | Reached skill level 14 in Unarmed Combat
 16830 | Lair:3   | Noticed an ice dragon
 16830 | Lair:3   | Noticed LostGamesStreakFreak's ghost (journeyman MfSk)
 17248 | Lair:3   | Reached skill level 1 in Invocations
 17257 | Lair:3   | Reached ****** piety under Uskayaw
 17259 | Lair:3   | Killed Urug
 17456 | Lair:3   | Reached XP level 12. HP: 85/94 MP: 19/19
 17918 | Lair:3   | Found a runed translucent gate.
 17919 | Lair:3   | Found a runed translucent gate.
 17920 | Lair:3   | Found a runed translucent gate.
 18702 | Lair:4   | Noticed a death yak
 18702 | Lair:4   | Noticed a death yak
 18721 | Lair:4   | Noticed a death yak
 18724 | Lair:4   | Noticed a death yak
 18725 | Lair:4   | Killed a death yak
 18725 | Lair:4   | Reached skill level 15 in Unarmed Combat
 18725 | Lair:4   | Reached skill level 5 in Invocations
 18732 | Lair:4   | Noticed a death yak
 18733 | Lair:4   | Killed a death yak
 18736 | Lair:4   | Killed a death yak
 18737 | Lair:4   | Killed a death yak
 18738 | Lair:4   | Killed a death yak
 18825 | Lair:4   | Found a staircase to the Snake Pit.
 19808 | Lair:5   | Noticed a five-headed hydra
 19821 | Lair:5   | Killed a five-headed hydra
 20671 | Lair:6   | Entered Level 6 of the Lair of Beasts
 20747 | Lair:6   | Annihilated by a komodo dragon

Levels and vault maps discovered:
D:1:      lightli_arrival_flooded_house, layout_basic, minmay_misc_feat_rows
D:2:      layout_loops_ring
D:3:      layout_basic, chequers_ecumenical_altar_simple
D:4:      minmay_goblin_kobold_castle, layout_loops_corners,
          lemuel_crystal_altar, uniq_natasha
D:5:      layout_basic, grunt_temple_overflow_open, first_ration, minivault_24
D:6:      layout_basic, overflow_temple_1_default, okawaru_trees_1, uniq_duvessa
D:7:      minmay_cornered_nines, layout_loops_ring, minmay_temple_entry_waves,
          serial_shops, shop
D:8:      corexii_shack_village, layout_basic, elyvilon_altar_1,
          gammafunk_temple_overflow_statue, lair_entry_dummy, serial_shops,
          nicolae_shop_temple_entry_statues_fountains
D:9:      layout_basic
Temple:   jpeg_temple_clearing
Lair:1:   statuecave_lemuel, layout_small_grid, minmay_lair_oklob_chamber,
          grunt_megastairs_2
Lair:2:   layout_concentric_octagons, minmay_shoals_entry_beasts,
          nicolae_lair_grove_arrangements, lemuel_fruit_tree,
          infiniplex_staircase_pool_2, serial_bayou_shore_a
Lair:3:   layout_chaotic_city, gammafunk_ghost_icy, serial_bayou_pond_c,
          grunt_megastairs_5, uniq_urug, uniq_nergalle, uniq_gastronok
Lair:4:   layout_cave_pods, dummy_snake_entry
Lair:5:   layout_gridlike, chequers_serial_rivers_micro_b
Lair:6:   cheibrodos_lair_end_hotspot, layout_misc_corridors, slime_altar_1,
          minmay_lair_oklob_items, uniq_rupert

Skill      XL: |  1  2  3  4  5  6  7  8  9 10 11 12 |
---------------+-------------------------------------+-----
Transmutations | 3 4 5 7 9 10 11 | 11.0
Spellcasting   | 3 4 5 |  5.0
Fighting       | 3 5 |  5.0
Unarmed Combat | 4 8 12 14 15 | 15.8
Invocations    | 3 8 |  8.4
Dodging        | |  1.7

Action                   |  1- 3 |  4- 6 |  7- 9 | 10-12 || total
-------------------------+-------+-------+-------+-------++-------
Melee: Unarmed           |    61 |    97 |   216 |   348 ||   722
       Tailslap          |    14 |    18 |    55 |    32 ||   119
       Kick              |     4 |       |       |       ||     4
       Headbutt          |     4 |     3 |    31 |     7 ||    45
       Whip              |    72 |   173 |   356 |    33 ||   634
       Punch             |       |     1 |    14 |    17 ||    32
 Cast: Beastly Appendage |    15 |     9 |    22 |     6 ||    52
       Spider Form       |     2 |    17 |    19 |    12 ||    50
       Sticks to Snakes  |     2 |     1 |     2 |     3 ||     8
       Blade Hands       |       |       |     7 |    21 ||    28
Invok: Stomp             |       |       |       |     1 ||     1
 Abil: Breathe Steam     |       |       |    12 |    21 ||    33
       End Transformatio |       |       |     1 |     1 ||     2
  Use: Scroll            |     4 |       |    14 |    10 ||    28
       Potion            |       |       |     3 |     4 ||     7
 Stab: Paralysed         |       |       |     3 |    19 ||    22
       Sleeping          |       |       |     1 |     1 ||     2
  Eat: Chunk             |     3 |    15 |    18 |    21 ||    57
       Ration            |       |       |     3 |     6 ||     9
Armor: Skin              |    48 |    64 |   173 |   139 ||   424
Dodge: Dodged            |    96 |   183 |   417 |   206 ||   902

Table legend:
 A = Non-vault XP
 B = Vault XP
 C = Vault XP percentage of total XP
 D = Non-vault monster count
 E = Vault monster count
 F = Vault count percentage of total count
                 A         B        C        D         E       F
            +---------+---------+-------+---------+---------+-------
      Total |   29829 |    7873 |  20.9 |     273 |      87 |  24.2
            +---------+---------+-------+---------+---------+-------
        D:1 |      41 |       0 |   0.0 |      21 |       0 |   0.0
        D:2 |      94 |       0 |   0.0 |      19 |       0 |   0.0
        D:3 |      44 |       0 |   0.0 |      14 |       0 |   0.0
        D:4 |     108 |     630 |  85.4 |      15 |      57 |  79.2
        D:5 |     674 |       0 |   0.0 |      23 |       0 |   0.0
        D:6 |    1125 |     230 |  17.0 |      27 |       2 |   6.9
        D:7 |     750 |     277 |  27.0 |      22 |       2 |   8.3
        D:8 |    1316 |      27 |   2.0 |      22 |      12 |  35.3
        D:9 |     905 |       0 |   0.0 |      14 |       0 |   0.0
     Lair:1 |    2308 |       0 |   0.0 |      13 |       0 |   0.0
     Lair:2 |    1972 |     765 |  28.0 |       6 |       2 |  25.0
     Lair:3 |    6424 |    5944 |  48.1 |      29 |      12 |  29.3
     Lair:4 |    9331 |       0 |   0.0 |      29 |       0 |   0.0
     Lair:5 |    2330 |       0 |   0.0 |       8 |       0 |   0.0
     Lair:6 |    2407 |       0 |   0.0 |      11 |       0 |   0.0
            +---------+---------+-------+---------+---------+-------
